 Dungeon Crawl Stone Soup version 0.25-a0-356-g7c9d860b3b (webtiles) character file.

Game seed: 17371824894573314349, levelgen mode: deterministic

129956 wullow85 the Slicer (level 16, -3/101 HPs)
             Began as a Demonspawn Gladiator on Jan 3, 2020.
             Was the Champion of Okawaru.
             Slain by a tentacled starspawn (14 damage)
             ... while paralysed by accursed screaming
             ... on level 3 of the Abyss.
             The game lasted 01:57:23 (32098 turns).

wullow85 the Slicer (Demonspawn Gladiator)         Turns: 32098, Time: 01:57:24

Health: -3/101     AC: 31    Str: 23    XL:     16   Next: 22%
Magic:  0/20       EV:  2    Int: 12    God:    Okawaru [******]
Gold:   2315       SH:  0    Dex: 23    Spells: 21/27 levels left

rFire    + + +     SeeInvis .   N - +6 dagger (elec)
rCold    . . .     Gourm    .   b - +5 buckler "Puikle Cada" {MR+ Int+6 Dex+3 Stlth-}
rNeg     . . .     Faith    .   C - +0 fire dragon scales
rPois    +         Spirit   +   a - +2 helmet of the Unstoppable Lovers {*Drain rPois rCorr Str+2}
rElec    .         Reflect  +   O - scarf {Spirit}
rCorr    +         Harm     .   J - +2 pair of gloves {Dex+3}
MR       ++...                  w - +0 pair of boots of the Other Side {+Fly}
Stlth    ++........             K - +3 amulet of reflection
HPRegen  0.00/turn              E - +2 ring of dexterity
MPRegen  0.17/turn              X - ring of protection from cold

@: paralysed, about to teleport, heroism, sanguine armour, studying Ice Magic,
lightly drained
A: claws 2, [deformed body], [dopey 2], fire resistance 1, [frail 2], [low mp
2], [screaming 2], [inhibited regeneration], spiny 1, augmentation 1, sanguine
armour 3
}: 1/15 runes: abyssal
a: Heroism, Finesse, Renounce Religion, Evoke Flight


You were on level 3 of the Abyss.
You worshipped Okawaru.
Okawaru was exalted by your worship.
You were not hungry.

You visited 5 branches of the dungeon, and saw 25 of its levels.
You visited the Abyss 1 time.
You also visited: Ossuary and Ice Cave.

You collected 2635 gold pieces.
You spent 320 gold pieces at shops.

Inventory:

Hand Weapons
 h - a +2 short sword of venom
 q - a +0 rapier of piercing
 N - a +6 dagger of electrocution (weapon)
 V - a +2 long sword of electrocution
Missiles
 d - 3 throwing nets
 G - 26 poisoned darts (quivered)
 I - 12 curare-tipped darts
Armour
 a - the +2 helmet of the Unstoppable Lovers (worn) {*Drain rPois rCorr Str+2}
   (Okawaru gifted it to you on level 1 of the Lair of Beasts)

   It affects your strength (+2).
   It protects you from poison.
   It provides partial protection from all sources of acid and corrosion.
   It causes draining when unequipped.
 b - the +5 buckler "Puikle Cada" (worn) {MR+ Int+6 Dex+3 Stlth-}
   (You found it on level 1 of the Lair of Beasts)

   It affects your intelligence (+6).
   It affects your dexterity (+3).
   It affects your resistance to hostile enchantments.
   It makes you less stealthy.
 p - a +2 chain mail of fire resistance
 w - the +0 pair of boots of the Other Side (worn) {+Fly}
   (Okawaru gifted it to you on level 2 of the Orcish Mines)

   It lets you fly.
 y - +2 storm dragon scales
 C - +0 fire dragon scales (worn)
 J - a +2 pair of gloves of dexterity (worn)
 O - a scarf of spirit shield (worn)
 P - a +2 hat of see invisible
Jewellery
 E - a +2 ring of dexterity (left hand)
 K - a +3 amulet of reflection (around neck)
 X - a ring of protection from cold (right hand)
Wands
 c - a wand of paralysis (24)
 x - a wand of clouds (4)
 B - a wand of acid (28)
 T - a wand of polymorph (16)
 U - a wand of iceblast (66)
 Z - a wand of enslavement (4)
Scrolls
 e - 11 scrolls of remove curse
 k - 4 scrolls of teleportation
 m - 4 scrolls of magic mapping
 A - 4 scrolls of identify
 D - 3 scrolls of amnesia
 L - 2 scrolls of fog
 R - 3 scrolls of fear
Potions
 g - 5 potions of flight
 i - 3 potions of resistance
 l - 6 potions of agility
 n - 3 potions of haste
 s - 4 potions of lignification
 t - 2 potions of berserk rage
 u - 2 potions of ambrosia
 v - 7 potions of curing
 z - 3 potions of brilliance
 F - a potion of invisibility
 H - 3 potions of cancellation
 M - a potion of magic
 S - a potion of might
 Y - a potion of mutation
Books
 Q - a manual of Ice Magic
 W - a manual of Ice Magic
Miscellaneous
 r - a sack of spiders
Comestibles
 f - 24 rations
 o - 5 chunks of flesh


   Skills:
 - Level 12.0(16.8) Fighting
 * Level 13.9(18.8) Short Blades
   Level 2.8(7.7) Polearms
 - Level 2.0(6.9) Throwing
 + Level 11.6(16.5) Armour
 - Level 3.0(7.9) Dodging
 - Level 5.0(9.9) Stealth
 + Level 10.1(14.9) Shields
 + Level 6.3(6.2) Spellcasting
 * Level 6.3(6.2) Hexes
 - Level 3.0(2.9) Charms
 + Level 2.0(1.9) Ice Magic
 - Level 3.0(2.9) Air Magic
 - Level 5.0(4.9) Poison Magic
 - Level 10.0(9.9) Invocations
 - Level 5.0(4.9) Evocations


You had 21 spell levels left.
You knew the following spells:

 Your Spells              Type           Power        Failure   Level  Hunger
a - Poisonous Vapours     Pois/Air       ##....       12%         2    ##.....
b - Spectral Weapon       Hex/Chrm       ##......     17%         3    ###....
c - Confusing Touch       Hex            ###...       3%          1    None

Your spell library contained the following spells:

 Spells                   Type           Power        Failure   Level  Hunger
 Tukima's Dance           Hex            ###.....     9%          3    ###....
 Infusion                 Chrm           ##..         12%         1    None
 Sting                    Tmut/Pois      #...         14%         1    None
 Song of Slaying          Chrm           ##......     17%         2    ##.....
 Corpse Rot               Necr/Air       N/A          30%         2    ##.....
 Shroud of Golubria       Chrm/Tloc      #.....       30%         2    ##.....
 Animate Skeleton         Necr           N/A          36%         1    None
 Apportation              Tloc           #.....       36%         1    None
 Foxfire                  Conj/Fire      #...         36%         1    None
 Summon Butterflies       Summ           #.......     36%         1    None
 Summon Small Mammal      Summ           #...         36%         1    None
 Mephitic Cloud           Conj/Pois/Air  ##......     36%         3    ###....
 Olgreb's Toxic Radiance  Pois           ###.....     45%         4    ####...
 Ignite Poison            Fire/Tmut/Pois #.......     50%         3    ###....
 Regeneration             Chrm/Necr      #.........   52%         3    ###....
 Lesser Beckoning         Tloc           #.........   75%         3    ###....
 Stone Arrow              Conj/Erth      #.....       75%         3    ###....
 Alistair's Intoxication  Tmut/Pois      #.......     98%         5    ######.
 Iskenderun's Battlesphe  Conj/Chrm      #.......     99%         5    ######.
 Invisibility             Hex            ###.....     99%         6    #######
 Bolt of Magma            Conj/Fire/Erth #.........   100%        5    ######.
 Summon Forest            Summ/Tloc      #.........   100%        5    ######.
 Deflect Missiles         Chrm/Air       ##........   100%        6    #######
 Eringya's Noxious Bog    Tmut/Pois      #.........   100%        6    #######
 Hydra Form               Tmut           #.........   100%        6    #######
 Iron Shot                Conj/Erth      #.........   100%        6    #######
 Starburst                Conj/Fire      #.........   100%        6    #######
 Orb of Destruction       Conj           #.........   100%        7    #######
 Spellforged Servitor     Conj/Summ      #.........   100%        7    #######
 Summon Hydra             Summ           #.........   100%        7    #######


Dungeon Overview and Level Annotations

Branches:
Dungeon (15/15)            Temple (1/1) D:4            Lair (6/6) D:10
 Shoals (0/4) Lair:4        Snake (0/4) Lair:4        Slime (0/5) Lair:6
    Orc (2/2) D:12            Elf (1/3) Orc:2        Vaults (0/5) D:13
 Depths (0/5) D:15        Ossuary (visited)           IceCv (visited)

Altars:
Ashenzari
Cheibriados
Dithmenos
Elyvilon
Fedhas
Gozag
Hepliaklqana
Kikubaaqudgha
Makhleb
Nemelex Xobeh
Okawaru
Qazlal
Ru
Sif Muna
Trog
Uskayaw
Vehumet
Wu Jian
Xom
Yredelemnul
Zin
The Shining One
Beogh
Jiyva
Lugonu

Shops:
Orc:2 %[:(

Annotations:
D:8 2 transporters
D:12 2 runed translucent doors
D:13 1 runed translucent door, CloudEater's ghost, journeyman GrEE


Innate Abilities, Weirdness & Mutations

You have very sharp fingernails.
Your flesh is heat resistant. (rF+)
You are partially covered in sharp spines.
Your magical and physical power is slightly enhanced at high health.
When seriously injured, your bleeding wounds create very thick armour. (AC +12)
[Armour fits poorly on your strangely shaped body.]
[You are very dopey. (Int -4)]
[You are very frail. (-20% HP)]
[Your magical capacity is very low. (-20% MP)]
[You sometimes yell uncontrollably at your foes.]
[You do not regenerate when monsters are visible.]


Message History

Your regeneration stops near monsters.
A deafening chorus of shrieks assaults your mind!
* * * LOW HITPOINT WARNING * * *
A starcursed mass splits.
You puncture the tentacled starspawn!
The tentacled starspawn is heavily damaged.
You block the tentacled starspawn's attack. x2
You hit the tentacled starspawn.
The tentacled starspawn is heavily damaged.
The wretched star pulses with an eldritch light!
You feel frail. x2; You feel less energetic. x2
A cacophony of accursed wailing tears at your sanity!
* * * LOW HITPOINT WARNING * * *
You suddenly lose the ability to move!
The wretched star pulses with an eldritch light!
You feel the urge to shout.
You feel a strong urge to yell.
The tentacled starspawn is struck by your spines.
The tentacled starspawn bites you but does no damage.
The tentacled starspawn engulfs you!
You die...

#..## ... ..#
#..#
....#..##
#.... ....#..
#. ......#..#
#..##.......#
#....*##...##


##..XXXXXX# ###.XXXw*# ####w@## #### You could see 8 starcursed masses, a
tentacled starspawn, 2 wretched stars and 2 starspawn tentacles.

Vanquished Creatures
  An orc warlord (Orc:1)
  A stone giant (Orc:2)
  Nessos (D:13)
  Josephine (D:15)
  An ogre mage (D:15)
  A fire dragon (D:15)
  2 ice dragons
  5 catoblepae
  6 hydras
  3 centaur warriors (D:14)
  Erica (D:11)
  A death knight (D:14)
  A dancing weapon (Orc:2)
  12 death yaks
  10 two-headed ogres
  A deep elf knight (Elf:1)
  Sonja (Lair:4)
  Nergalle (D:12)
  Urug (D:13)
  3 skeletal warriors (D:15)
  A deep elf archer (Orc:2)
  A wizard (Elf:1)
  4 unseen horrors
  Pikel (D:7)
  A necromancer (IceCv)
  10 orc knights
  15 deep elf magi
  An ugly thing (D:12)
  5 cyclopes
  12 elephants
  A guardian serpent (D:13)
  5 manticores
  An ice statue (IceCv)
  A centaur zombie (D:11)
  3 black mambas
  9 spiny frogs
  2 gargoyles (D:11)
  5 komodo dragons
  2 rime drakes
  13 freezing wraiths
  5 polar bears
  5 trolls
  3 meliai (D:15)
  Prince Ribbit (Lair:3)
  5 slime creatures
  9 blink frogs
  5 dream sheep (Lair:6)
  13 hippogriffs
  9 centaur simulacra
  2 water elementals (D:15)
  A vampire (D:11)
  4 hungry ghosts
  4 wyverns
  7 wraiths
  58 yaks
  16 humans
  6 basilisks
  8 wargs (Orc:2)
  Edmund (D:6)
  4 nagas (Lair:4)
  A death yak simulacrum (IceCv)
  A soldier ant (D:15)
  An acid dragon (D:15)
  20 water moccasins
  13 porcupines
  3 sky beasts
  58 orc warriors
  2 eyes of draining
  3 black bears (D:10)
  A necrophage (D:10)
  A slave (D:7)
  4 phantoms
  12 centaurs
  14 wolves
  A boggart (Elf:1)
  13 ice beasts
  13 ogres
  11 crocodiles
  2 big kobolds
  14 bullfrogs
  A wyvern skeleton (D:14)
  9 scorpions
  15 killer bees
  An electric eel (Lair:6)
  7 howler monkeys
  4 wights (D:9)
  5 crimson imps
  3 draconian simulacra (IceCv)
  A bullfrog zombie (D:13)
  A quasit (D:10)
  2 bullfrog skeletons
  6 hounds
  Crazy Yiuf (D:6)
  17 orc priests
  3 jellies
  3 centaur skeletons
  36 orc wizards
  Terence (D:2)
  6 iguanas
  7 troll simulacra (IceCv)
  11 worker ants
  Natasha (thrice) (D:2)
  A spriggan simulacrum (IceCv)
  A polar bear simulacrum (IceCv)
  2 wolf simulacra (IceCv)
  A killer bee zombie (D:9)
  2 hound skeletons
  8 mummies (Ossuary)
  A worker ant zombie (D:10)
  11 gnolls
  2 naga simulacra (IceCv)
  14 adders
  An ogre simulacrum (IceCv)
  A shadow imp (D:9)
  20 white imps
  An ooze (D:2)
  4 worms
  2 dart slugs (D:1)
  3 leopard geckos
  164 orcs
  12 giant cockroaches
  A gnoll zombie (Ossuary)
  5 goblins
  7 hobgoblins
  9 jackals
  2 quokkas
  2 ball pythons
  7 bats
  4 frilled lizards
  3 hobgoblin zombies (Ossuary)
  24 kobolds
  2 kobold zombies (Ossuary)
  2 orc zombies (Ossuary)
  8 rats
  A butterfly (Lair:1)
972 creatures vanquished.

Vanquished Creatures (others)
  A deep elf mage (Elf:1)
  A cyclops (D:13)
  A hippogriff (Lair:6)
  A human (D:9)
  4 centaurs
  A centaur simulacrum (IceCv)
  A white imp (IceCv)
  An orc (Orc:2)
  4 bushes (Lair:4)
  13 fungi
  25 plants
  A spectral weapon (Elf:1)
54 creatures vanquished.

Grand Total: 1026 creatures vanquished

Notes
Turn   | Place    | Note
-------+----------+-------------------------------------------
     0 | D:1      | wullow85 the Demonspawn Gladiator began the quest for the
                  | Orb.
     0 | D:1      | Reached XP level 1. HP: 16/16 MP: 1/1
   216 | D:1      | Gained mutation: When seriously injured, your bleeding
                  | wounds create armour. (AC +12) [demonic ancestry]
   216 | D:1      | Reached XP level 2. HP: 15/22 MP: 2/2
   444 | D:1      | Reached skill level 1 in Short Blades
   500 | D:1      | Gained mutation: When seriously injured, your bleeding
                  | wounds create thick armour. (AC +12) [demonic ancestry]
   500 | D:1      | Reached XP level 3. HP: 16/28 MP: 3/3
   805 | D:2      | Noticed Natasha
   809 | D:2      | Killed Natasha
   823 | D:2      | Found a shadowy altar of Dithmenos.
   848 | D:2      | Gained mutation: When seriously injured, your bleeding
                  | wounds create very thick armour. (AC +12) [demonic
                  | ancestry]
   848 | D:2      | Reached XP level 4. HP: 35/35 MP: 4/4
   860 | D:2      | Noticed Terence
   871 | D:2      | Killed Terence
   871 | D:2      | Reached skill level 2 in Short Blades
   896 | D:2      | Noticed Natasha
   903 | D:2      | Killed Natasha
  1041 | D:2      | Found a sacrificial altar of Ru.
  1057 | D:2      | Found a snail-covered altar of Cheibriados.
  1062 | D:2      | Noticed Natasha
  1072 | D:2      | Killed Natasha
  1072 | D:2      | Gained mutation: You have sharp fingernails. [demonic
                  | ancestry]
  1072 | D:2      | Reached XP level 5. HP: 39/42 MP: 5/5
  1429 | D:2      | Reached skill level 3 in Short Blades
  1627 | D:3      | Found a basalt altar of Yredelemnul.
  1899 | D:3      | Reached XP level 6. HP: 27/49 MP: 6/6
  2189 | D:3      | Found a glowing golden altar of the Shining One.
  2247 | D:3      | Found a blossoming altar of Fedhas.
  2434 | D:3      | Found a bloodstained altar of Trog.
  2445 | D:3      | Reached skill level 1 in Armour
  2658 | D:3      | Found a bloodstained altar of Trog.
  2715 | D:4      | Reached skill level 10 in Fighting
  2715 | D:4      | Reached skill level 6 in Short Blades
  2715 | D:4      | Reached skill level 5 in Armour
  2715 | D:4      | Gained mutation: Your flesh is heat resistant. (rF+)
                  | [demonic ancestry]
  2715 | D:4      | Reached XP level 7. HP: 66/66 MP: 7/7
  3059 | D:4      | Reached skill level 7 in Short Blades
  3131 | D:4      | Reached skill level 8 in Short Blades
  3131 | D:4      | Gained mutation: You have very sharp fingernails. [demonic
                  | ancestry]
  3131 | D:4      | Reached XP level 8. HP: 75/75 MP: 7/12
  3211 | D:4      | Found a hide-covered altar of Uskayaw.
  3501 | D:4      | Found a staircase to the Ecumenical Temple.
  3507 | Temple   | Entered the Ecumenical Temple
  3521 | Temple   | Became a worshipper of Warmaster Okawaru
  3646 | D:5      | Entered Level 5 of the Dungeon
  3646 | D:5      | Found an opulent altar of Gozag.
  4011 | D:5      | Found a shimmering blue altar of Sif Muna.
  4176 | D:5      | Reached XP level 9. HP: 62/81 MP: 13/13
  4686 | D:6      | Found a burning altar of Makhleb.
  4686 | D:6      | Found a glowing silver altar of Zin.
  4687 | D:6      | Noticed an angel
  4687 | D:6      | Noticed a green death
  5068 | D:6      | Noticed Edmund
  5090 | D:6      | Killed Edmund
  5233 | D:6      | Reached * piety under Okawaru
  5249 | D:6      | Found a runed translucent door.
  5250 | D:6      | Noticed Crazy Yiuf
  5819 | D:6      | Killed Crazy Yiuf
  5819 | D:6      | Reached skill level 1 in Shields
  5861 | D:7      | Noticed Pikel
  6332 | D:7      | Reached ** piety under Okawaru
  6356 | D:7      | Found a radiant altar of Vehumet.
  6483 | D:7      | Found a sand-covered staircase.
  6491 | Ossuary  | Entered an ossuary
  6522 | Ossuary  | Reached skill level 9 in Short Blades
  6822 | D:7      | Killed Pikel
  6822 | D:7      | Reached XP level 10. HP: 84/88 MP: 15/15
  6955 | D:7      | Found a stormy altar of Qazlal.
  7186 | D:8      | Noticed a two-headed ogre
  7201 | D:8      | Killed a two-headed ogre
  7201 | D:8      | Reached *** piety under Okawaru
  7650 | D:8      | Noticed a fire crab
  7658 | D:8      | Noticed a tengu warrior
  7694 | D:8      | Found a transporter.
  7695 | D:8      | Found a radiant altar of Vehumet.
  7698 | D:8      | Found a transporter.
  8163 | D:9      | Reached **** piety under Okawaru
  8956 | D:9      | Reached XP level 11. HP: 95/95 MP: 17/17
  9117 | D:9      | Found an ancient bone altar of Kikubaaqudgha.
  9324 | D:9      | Reached skill level 1 in Stealth
  9484 | D:10     | Entered Level 10 of the Dungeon
  9524 | D:9      | Reached ***** piety under Okawaru
  9636 | D:10     | Reached skill level 1 in Invocations
 10134 | D:10     | Found a staircase to the Lair.
 10138 | D:10     | Reached skill level 5 in Shields
 10518 | D:11     | You fall into a shaft and drop 3 floors!
 10518 | D:14     | Noticed a centaur warrior
 10541 | D:14     | Killed a centaur warrior
 10719 | D:14     | Noticed a deep elf mage
 10733 | D:14     | Killed a deep elf mage
 10941 | D:14     | Received a gift from Okawaru
 10941 | D:14     | Reached skill level 10 in Short Blades
 11233 | D:14     | Noticed a two-headed ogre
 11270 | D:14     | Killed a two-headed ogre
 11433 | D:14     | Noticed a two-headed ogre
 11447 | D:14     | Killed a two-headed ogre
 11447 | D:14     | Reached skill level 5 in Invocations
 11489 | D:14     | Killed an unseen horror
 11621 | D:14     | Noticed a death knight
 11775 | D:13     | Reached XP level 12. HP: 85/102 MP: 18/18
 11910 | D:13     | Noticed a catoblepas
 12042 | D:13     | Noticed Urug
 12073 | D:13     | Noticed a four-headed hydra
 12459 | D:13     | Reached ****** piety under Okawaru
 12464 | D:13     | Killed Urug
 12464 | D:13     | Received a gift from Okawaru
 12559 | D:13     | Noticed Nessos
 12574 | D:13     | Killed Nessos
 12972 | D:13     | Found a gate to the Vaults.
 12986 | D:13     | Killed a four-headed hydra
 13103 | D:11     | Noticed a seven-headed hydra
 13122 | D:11     | Killed a seven-headed hydra
 13352 | Lair:1   | Entered Level 1 of the Lair of Beasts
 13565 | Lair:1   | Received a gift from Okawaru
 13593 | Lair:1   | Got a heavily runed helmet {god gift}
 13595 | Lair:1   | Got a faintly glowing buckler
 13606 | Lair:1   | Identified the +2 helmet of the Unstoppable Lovers {*Drain
                  | rPois rCorr Str+2} (Okawaru gifted it to you on level 1 of
                  | the Lair of Beasts)
 13616 | Lair:1   | Identified the +5 buckler "Puikle Cada" {MR+ Int+6 Dex+3
                  | Stlth-} (You found it on level 1 of the Lair of Beasts)
 13664 | Lair:1   | Reached skill level 1 in Evocations
 15170 | Lair:2   | Gained mutation: You are partially covered in sharp spines.
                  | [demonic ancestry]
 15170 | Lair:2   | Reached XP level 13. HP: 82/108 MP: 19/19
 15736 | Lair:3   | Reached skill level 11 in Short Blades
 16098 | Lair:3   | Noticed Prince Ribbit
 16395 | Lair:3   | Killed Prince Ribbit
 16965 | Lair:4   | Reached skill level 10 in Invocations
 17239 | Lair:4   | Received a gift from Okawaru
 17240 | Lair:4   | Got a brightly glowing helmet {god gift}
 17251 | Lair:4   | Found a staircase to the Snake Pit.
 17278 | Lair:4   | Noticed Sonja
 17306 | Lair:4   | Killed Sonja
 18067 | Lair:4   | Found a staircase to the Shoals.
 18818 | Lair:5   | Reached skill level 10 in Armour
 18835 | Lair:5   | Reached skill level 5 in Stealth
 19194 | Lair:5   | Gained mutation: Your magical and physical power is
                  | slightly enhanced at high health. [demonic ancestry]
 19194 | Lair:5   | Reached XP level 14. HP: 112/115 MP: 21/21
 19197 | Lair:5   | Identified the +0 helmet "Fasuphim" {rElec MR- Dex+4}
                  | (Okawaru gifted it to you on level 4 of the Lair of Beasts)
 19845 | Lair:5   | Learned a level 2 spell: Poisonous Vapours
 19848 | Lair:6   | Entered Level 6 of the Lair of Beasts
 20021 | Lair:6   | Found a sacrificial altar of Ru.
 20124 | Lair:6   | Received a gift from Okawaru
 20159 | Lair:6   | Reached skill level 12 in Short Blades
 20191 | Lair:6   | Reached skill level 1 in Air Magic
 20203 | Lair:6   | Reached skill level 1 in Poison Magic
 21078 | Lair:6   | Received a gift from Okawaru
 21167 | Lair:6   | Found a viscous altar of Jiyva.
 21168 | Lair:6   | Found a staircase to the Slime Pits.
 21307 | Lair:6   | Reached skill level 5 in Evocations
 22208 | D:11     | Noticed Erica
 22226 | D:11     | Killed Erica
 22240 | D:11     | Learned a level 3 spell: Spectral Weapon
 22755 | D:11     | Got a faintly glowing ring mail
 22770 | D:11     | Identified the +1 ring mail of Miko {+Fly rPois rC+++
                  | Dex-2} (You found it on level 11 of the Dungeon)
 23050 | D:12     | Noticed Nergalle
 23068 | D:12     | Killed Nergalle
 23068 | D:12     | Reached skill level 1 in Hexes
 23090 | D:12     | Reached skill level 1 in Charms
 23255 | D:12     | Received a gift from Okawaru
 23624 | D:12     | Found a runed translucent door.
 23626 | D:12     | Found a runed translucent door.
 23774 | D:12     | Found a runed translucent door.
 23834 | D:12     | Found a staircase to the Orcish Mines.
 23843 | Orc:1    | Entered Level 1 of the Orcish Mines
 23889 | D:12     | HP: 2/115 [orc priest/divine providence (10)]
 24464 | Orc:2    | Entered Level 2 of the Orcish Mines
 24588 | Orc:2    | Found a staircase to the Elven Halls.
 24729 | Orc:2    | Reached XP level 15. HP: 84/120 MP: 16/22
 24965 | Orc:2    | Found Juim's Armour Boutique.
 24965 | Orc:2    | Found Teru's Food Shoppe.
 25179 | Orc:2    | Received a gift from Okawaru
 25182 | Orc:2    | Got a pair of brightly glowing boots {god gift}
 25385 | Orc:1    | Identified the +0 pair of boots of the Other Side {+Fly}
                  | (Okawaru gifted it to you on level 2 of the Orcish Mines)
 25604 | Orc:2    | Noticed an orc warlord
 25989 | Orc:1    | Killed an orc warlord
 25989 | Orc:1    | Reached skill level 13 in Short Blades
 26583 | Orc:2    | Found a roughly hewn altar of Beogh.
 26620 | Orc:2    | Reached skill level 5 in Spellcasting
 26679 | Orc:2    | Found Loem's Weapon Boutique.
 26679 | Orc:2    | Found Goviadwy's Book Shoppe.
 26702 | Orc:2    | Found a roughly hewn altar of Beogh.
 27809 | D:13     | Got a transparent ring mail
 27820 | D:13     | Identified the +3 ring mail of Wonytom {MR+} (You found it
                  | on level 13 of the Dungeon)
 27876 | D:13     | Identified Baosch's Disquisition on Burning Flight
 27973 | D:13     | Found a runed translucent door.
 27977 | D:13     | Noticed a fire giant
 27977 | D:13     | Noticed CloudEater's ghost (journeyman GrEE)
 28127 | Orc:2    | Bought a book of Cantrips for 320 gold pieces
 28129 | Orc:2    | Learned a level 1 spell: Confusing Touch
 28727 | D:15     | Entered Level 15 of the Dungeon
 28970 | D:15     | Found a frozen archway.
 28978 | IceCv    | Entered an ice cave
 29176 | IceCv    | Reached skill level 5 in Poison Magic
 29280 | IceCv    | Found an ancient bone altar of Kikubaaqudgha.
 29539 | IceCv    | Received a gift from Okawaru
 30106 | D:15     | Received a gift from Okawaru
 30209 | D:15     | Reached skill level 5 in Hexes
 30292 | D:15     | Found a staircase to the Depths.
 30835 | D:15     | Noticed Josephine
 30858 | D:15     | Killed Josephine
 30909 | D:15     | Found a sparkling altar of Nemelex Xobeh.
 31025 | D:15     | Found a stormy altar of Qazlal.
 31101 | D:15     | Reached XP level 16. HP: 127/127 MP: 23/25
 31399 | Elf:1    | Entered Level 1 of the Elven Halls
 31408 | Elf:1    | Reached skill level 10 in Shields
 31633 | Elf:1    | Reached skill level 1 in Ice Magic
 32081 | Elf:1    | Cast into level 3 of the Abyss (a deep elf sorcerer)
 32082 | Abyss:3  | Noticed a tentacled starspawn
 32084 | Abyss:3  | Noticed a tentacled starspawn
 32090 | Abyss:3  | Got an abyssal rune of Zot
 32097 | Abyss:3  | Paralysed by accursed screaming for 2 turns
 32098 | Abyss:3  | Slain by a tentacled starspawn

Levels and vault maps discovered:
D:1:      grunt_arrival_crossed_arrows, layout_basic
D:2:      layout_basic, lemuel_doored_altar, lemuel_crystal_altar,
          grunt_dithmenos_smoke_and_mirrors, uniq_terence, uniq_natasha
D:3:      layout_basic, nicolae_overflow_quartered_altars,
          chequers_serial_rivers_micro_b, trog_hazing_becter
D:4:      layout_layer_cave, lemuel_crystal_altar,
          minmay_temple_entry_enclosed_plants, first_ration
D:5:      layout_basic, overflow_temple_1_default, kennysheep_mini
D:6:      layout_gridville, grunt_temple_overflow_order_and_chaos_2,
          uniq_edmund, uniq_crazy_yiuf_cottage
D:7:      layout_cave_pools, nicolae_qazlal_eye_of_the_storm, basic_altar,
          enter_ossuary_1, uniq_pikel
D:8:      layout_loops_ring, gammafunk_temple_overflow_arena
D:9:      layout_gridville, tgw_kikubaaqudgha
D:10:     layout_rooms, minmay_lair_entry_grove
D:11:     layout_roguey, uniq_erica
D:12:     layout_long_grid, erik_orc_2, grunt_pizzeria, grunt_decor_fettered,
          mikee_hates_you, uniq_nergalle
D:13:     layout_irregular_city, david_vaults_3, ebering_ghost_inner_flame,
          nrook_guardian_serpent_ordinary
D:14:     layout_irregular_city
D:15:     grunt_enter_depths_hoard, layout_loops_corners, serial_ice,
          serial_ice_h, serial_ice_k, serial_ice_b, serial_ice_c, serial_ice_o,
          serial_ice_m, serial_ice_a, portal_ice_cave_entry_pillars_1,
          serial_bayou_pond_b, basic_altar, lemuel_centaur_altar, uniq_josephine
Temple:   corrupted_temple
Lair:1:   layout_loops_ring, lemuel_fruit_fields
Lair:2:   layout_regular_city, grunt_forest_stairs_basic, st_stairs_11,
          grunt_megastairs_1, lemuel_fruit_fields
Lair:3:   layout_roguey, minivault_19, uniq_prince_ribbit2
Lair:4:   layout_gridlike, elwin_shoals_entry_rocks,
          minmay_snake_entry_guardpost_medium, minmay_hedge_maze,
          bobbens_ice_dragon_lair, uniq_sonja
Lair:5:   layout_roguey
Lair:6:   evilmike_catoblepas_cave, layout_misc_corridors,
          dpeg_slime_entry_enclosed_altar, basic_altar, fungi_pond_lemuel,
          chequers_serial_rivers_small_3, st_stairs_12, minivault_26,
          serial_bayou_shore_b, serial_bayou_shore_b, uniq_urug
Orc:1:    layout_caves
Orc:2:    st_orc_town, layout_caves, basic_altar
Elf:1:    elf_arrival_002, layout_geoelf_diagonals, serial_shops, shop,
          hangedman_elf_disciples, uniq_azrael
Abyss:3:  base: D:2, evilmike_abyss_exit_5, nicolae_abyss_rune_star_stuff

Skill      XL: |  1  2  3  4  5  6  7  8  9 10 11 12 13 14 15 16 |
---------------+-------------------------------------------------+-----
Throwing       | 2 |  2.0
Short Blades   | 1 2 3 6 8 9 10 11 12 13 | 13.9
Fighting       | 3 4 10 11 12 | 12.0
Dodging        | 3 |  3.0
Armour         | 5 6 7 8 10 11 | 11.6
Spellcasting   | 3 4 6 |  6.3
Shields        | 2 4 6 7 8 9 10 | 10.1
Stealth        | 3 4 5 |  5.0
Invocations    | 5 8 10 | 10.0
Evocations     | 1 4 5 |  5.0
Air Magic      | 3 |  3.0
Poison Magic   | 3 5 |  5.0
Hexes          | 2 5 6 |  6.3
Charms         | 1 3 |  3.0
Ice Magic      | 2 |  2.0
Polearms       | |  2.8

Action                   |  1- 3 |  4- 6 |  7- 9 | 10-12 | 13-15 | 16-18 || total
-------------------------+-------+-------+-------+-------+-------+-------++-------
Melee: Short sword       |   101 |   229 |   513 |   284 |    10 |       ||  1137
       Trident           |     8 |       |       |       |       |       ||     8
       Dagger            |       |       |       |   952 |  2313 |   142 ||  3407
Throw: Dart              |       |     4 |       |    19 |    43 |       ||    66
       Throwing net      |       |       |       |       |     2 |       ||     2
 Cast: Confusing Touch   |       |       |       |       |    28 |    20 ||    48
       Poisonous Vapours |       |       |       |       |     7 |       ||     7
       Spectral Weapon   |       |       |       |       |     1 |     1 ||     2
Invok: Heroism           |       |       |       |     4 |    11 |     1 ||    16
Evoke: Wand              |       |       |       |     1 |     1 |       ||     2
  Use: Scroll            |       |     2 |    15 |    10 |    19 |     1 ||    47
       Potion            |       |     1 |     1 |     5 |     4 |     1 ||    12
 Stab: Petrified         |       |       |       |       |     3 |       ||     3
       Confused          |       |       |       |       |    25 |    11 ||    36
       Held in net/web   |       |       |       |       |     2 |       ||     2
       Distracted        |       |       |       |       |       |     1 ||     1
  Eat: Chunk             |       |     6 |    10 |    29 |    34 |     2 ||    81
       Ration            |       |       |     1 |     1 |     6 |       ||     8
Armor: Leather armour    |    31 |       |       |       |       |       ||    31
       Ring mail         |    12 |    32 |       |       |       |       ||    44
       Storm dragon scal |       |    99 |   266 |   500 |   645 |    26 ||  1536
       Fire dragon scale |       |       |       |       |       |    15 ||    15
Dodge: Dodged            |    77 |   122 |   210 |   231 |   399 |    21 ||  1060
Block: Shield            |       |       |    48 |   371 |       |       ||   419
       Buckler           |       |       |       |    74 |  1166 |    55 ||  1295
       Reflection        |       |       |       |       |    58 |     4 ||    62

Table legend:
 A = Non-vault XP
 B = Vault XP
 C = Vault XP percentage of total XP
 D = Non-vault monster count
 E = Vault monster count
 F = Vault count percentage of total count
                 A         B        C        D         E       F
            +---------+---------+-------+---------+---------+-------
      Total |  107563 |   57865 |  35.0 |     692 |     285 |  29.2
            +---------+---------+-------+---------+---------+-------
        D:1 |      57 |       0 |   0.0 |      31 |       0 |   0.0
        D:2 |     166 |      68 |  29.1 |      27 |       2 |   6.9
        D:3 |     206 |      11 |   5.1 |      36 |       6 |  14.3
        D:4 |     314 |       0 |   0.0 |       9 |       0 |   0.0
        D:5 |     441 |       0 |   0.0 |      25 |       0 |   0.0
        D:6 |    1516 |     210 |  12.2 |      35 |       2 |   5.4
        D:7 |     910 |     673 |  42.5 |      24 |       1 |   4.0
        D:8 |    2348 |       0 |   0.0 |      22 |       0 |   0.0
        D:9 |    3552 |       0 |   0.0 |      46 |       0 |   0.0
       D:10 |    1537 |    1636 |  51.6 |      27 |      13 |  32.5
       D:11 |    6702 |     886 |  11.7 |      39 |       1 |   2.5
       D:12 |    8439 |    1928 |  18.6 |      51 |      20 |  28.2
       D:13 |    3543 |    7380 |  67.6 |      15 |      20 |  57.1
       D:14 |   11755 |       0 |   0.0 |      34 |       0 |   0.0
       D:15 |   11816 |    8422 |  41.6 |      24 |      38 |  61.3
     Lair:1 |    4984 |       0 |   0.0 |      25 |       0 |   0.0
     Lair:2 |    3852 |     829 |  17.7 |      16 |       6 |  27.3
     Lair:3 |    7542 |     806 |   9.7 |      33 |       3 |   8.3
     Lair:4 |    6710 |    2473 |  26.9 |      15 |       9 |  37.5
     Lair:5 |   10875 |       0 |   0.0 |      26 |       0 |   0.0
     Lair:6 |    5735 |   11224 |  66.2 |      26 |      24 |  48.0
      Orc:1 |    3991 |     884 |  18.1 |      32 |       5 |  13.5
      Orc:2 |    6354 |   10481 |  62.3 |      67 |      59 |  46.8
      Elf:1 |    4218 |    3438 |  44.9 |       7 |       7 |  50.0
    Ossuary |       0 |     156 | 100.0 |       0 |      16 | 100.0
      IceCv |       0 |    6360 | 100.0 |       0 |      53 | 100.0
            +---------+---------+-------+---------+---------+-------
